 Dungeon Crawl Stone Soup version 0.31-a0-1616-gbeaec30b81 (webtiles) character file.

Game seed: 2104666542609895392

226 grandjackal the Slasher (level 5, -3/42 HPs)
             Began as a Demonspawn Gladiator on Jan 11, 2024.
             Killed by nerve-wracking pain
             ... invoked by an orc priest
              (8 damage)
             ... on level 3 of the Dungeon.
             The game lasted 00:02:55 (3184 turns).

grandjackal the Slasher (Demonspawn Gladiator)      Turns: 3184, Time: 00:02:56

Health: -3/42      AC:  8    Str: 14    XL:     5   Next: 69%
Magic:  5/5        EV: 12    Int:  9    God:
Gold:   87         SH:  0    Dex: 18    Spells: 4/4 levels left

rFire   . . .        a - +0 long sword
rCold   . . .        (no shield)
rNeg    . . .        k - +0 ring mail
rPois   .            (helmet restricted)
rElec   .            n - +2 cloak
rCorr   .            (no gloves)
SInv    .            (no boots)
Will    .....        (no amulet)
Stlth   ++           (no ring)
HPRegen 0.27/turn    (no ring)
MPRegen 0.09/turn

%: no passive effects
@: no status effects
A: horns 2, thin skeletal structure 1
a: no special abilities


You were on level 3 of the Dungeon.
You visited 1 branch of the dungeon, and saw 3 of its levels.

You collected 87 gold pieces.

Inventory:

Hand Weapons
 a - a +0 long sword (weapon)
Missiles
 d - 3 throwing nets (quivered)
 e - a javelin
Armour
 k - a +0 ring mail (worn)
 n - a +2 cloak (worn)
Scrolls
 f - a scroll of butterflies {unknown}
 i - a scroll of poison {unknown}
 j - 2 scrolls of teleportation
 l - 4 scrolls of identify {unknown}
 m - a scroll of blinking {unknown}
 o - a scroll of immolation {unknown}
 r - a scroll of brand weapon {unknown}
 s - a scroll of acquirement {unknown}
 u - a scroll of fear {unknown}
Potions
 b - a potion of enlightenment {unknown}
 c - 2 potions of berserk rage {unknown}
 g - a potion of haste {unknown}
 h - a potion of cancellation {unknown}
 p - a potion of brilliance {unknown}
 q - a potion of lignification {unknown}
 t - a potion of invisibility {unknown}


   Skills:
 + Level 4.3 Fighting
 + Level 4.4 Long Blades
 - Level 2.0 Throwing
 - Level 3.0 Dodging


You had 4 spell levels left.
You didn't know any spells.
Your spell library was empty.

Dungeon Overview and Level Annotations

Branches:
Dungeon (3/15)

Altars:
Hepliaklqana


Innate Abilities, Weirdness & Mutations

You have a pair of horns on your head.
You have a somewhat thin skeletal structure. (Dex +2, Stealth+)


Message History

Key pressed, stopping explore.
You see here a +0 whip.
You see here a +0 whip.
There is an open door here.
You open the door.
There is an open door here.
You open the door.
There is an open door here.
You open the door.
Things that are here:
a +0 dagger; a +0 robe; an orc skeleton
There is a stone staircase leading up here.
There is an open door, spattered with blood here.
There is an open door here.
u - a scroll labelled MYWAMPU XUSM Partly explored, can't reach some items and places.
Partly explored, can't reach some items and places.
There is an open door here.
An orc priest comes into view. It is wielding a +0 club.
The orc priest shouts!
An orc comes into view. It is wielding a +0 mace.
There is an open door here.
An orc priest comes into view. It is wielding a +0 flail.
The orc priest moves out of view.
An orc comes into view. It is wielding a +0 dagger.
You closely miss the orc priest.
The orc priest calls down the wrath of Beogh upon you.
Pain shoots through your body!
You barely miss the orc priest.
The orc shouts! x2
Your headbutt misses the orc priest.
The orc priest calls down the wrath of Beogh upon you.
Beogh smites you! The orc priest hits you with a +0 club.
You are too injured to fight recklessly!
The orc priest invokes the aid of Beogh against you.
Pain shoots through your body!
* * * LOW HITPOINT WARNING * * *
The orc priest mumbles some strange prayers to Beogh against you.
Pain shoots through your body!
You die...

.........#♣♣♣♣♣♣...♣♣♣♣♣♣##.###
.........### ♣...♣ #.#.#
...........# ♣...♣ ###.#.#
...........####♣...♣ #.....#
..............#♣...♣ #...#.#
###...........#♣♣.♣♣#########.###
..+...........###'###.......)...#
###.............[........########
................@........#
.###....#........o.......#
.###..........>.......####
.##.........#....o....#
....##......####....###
....+.##########o...#####
....#+###.......o.......#
...#....................#
.................##.....#


You could see 2 orc priests and 2 orcs.

Vanquished Creatures
  2 orc priests
  2 orc wizards (D:3)
  4 adders
  A dart slug (D:1)
  3 ribbon worms
  3 orcs (D:3)
  9 ball pythons
  3 bats
  4 endoplasms
  3 giant cockroaches (D:2)
  5 goblins
  8 hobgoblins
  9 jackals
  2 kobolds
  3 quokkas
  2 frilled lizards
  2 rats
65 creatures vanquished.

Notes
Turn   | Place    | Note
-------+----------+-------------------------------------------
     0 | D:1      | grandjackal the Demonspawn Gladiator began the quest for
                  | the Orb.
     0 | D:1      | Reached XP level 1. HP: 16/16 MP: 1/1
    82 | D:1      | Gained mutation: You have a pair of small horns on your
                  | head. [demonic ancestry]
    82 | D:1      | Reached XP level 2. HP: 17/22 MP: 2/2
   600 | D:1      | You fall into a shaft and drop 1 floor!
   605 | D:2      | Reached XP level 3. HP: 28/28 MP: 3/3
  1321 | D:2      | Gained mutation: You have a pair of horns on your head.
                  | [demonic ancestry]
  1321 | D:2      | Reached XP level 4. HP: 34/35 MP: 4/4
  1983 | D:3      | Found a hazy altar of Hepliaklqana.
  2211 | D:3      | Gained mutation: You have a somewhat thin skeletal
                  | structure. (Dex +2, Stealth+) [demonic ancestry]
  2211 | D:3      | Reached XP level 5. HP: 42/42 MP: 5/5
  3184 | D:3      | Killed from afar by an orc priest

Illustrated notes

Levels and vault maps discovered:
D:1:      wheals_arrival_linesprint, layout_loops_cross
D:2:      layout_basic, hangedman_decor_lopped, chequers_jeans
D:3:      layout_basic, lemuel_tele_altar, corexii_item_surrounded_by_moat,
          kennysheep_minor_cross

Skill      XL: |  1  2  3  4  5 |
---------------+----------------+-----
Throwing       | 2 |  2.0
Long Blades    | 3 4 |  4.4
Dodging        | 3 |  3.0
Fighting       | 3 4 |  4.3

Action                     |  1- 3 |  4- 6 || total
---------------------------+-------+-------++-------
  Melee: Long sword        |    93 |    80 ||   173
         Punch             |     1 |       ||     1
         Headbutt          |    10 |    16 ||    26
    Use: Scroll            |       |     1 ||     1
   Stab: Sleeping          |     1 |       ||     1
 Armour: Leather armour    |    24 |       ||    24
         Ring mail         |    36 |    59 ||    95
  Dodge: Dodged            |    58 |    54 ||   112

Table legend: (Time is in decaauts)
 A = Elapsed time spent in this place.
 B = Non-inter-level travel time spent in this place.
 C = Inter-level travel time spent in this place.
 D = Time resting spent in this place.
 E = Time spent auto-exploring this place.
 F = Levels seen in this place.
 G = Mean time per level.
                   A        B        C        D        E       F      G
               +--------+--------+--------+--------+--------+-----+--------+
         Total |   3227 |   3104 |    123 |    423 |   2103 |   3 | 1075.7 |
       Dungeon |   3227 |   3104 |    123 |    423 |   2103 |   3 | 1075.7 |
               +--------+--------+--------+--------+--------+-----+--------+

Top non-repeatable levels by time:
     D:2: 1332 daAuts
     D:3: 981 daAuts
     D:1: 912 daAuts
